 Dungeon Crawl Stone Soup version 0.30-a0-1082-g70414cbcbb (webtiles) character file.

Game seed: 15219268051615826516

126 LobsterGuardian the Magician (level 5, 0/36 HPs)
             Began as a Djinni Ice Elementalist on Apr 15, 2023.
             Slain by a gnoll
             ... wielding a +0 club
             ... led by a gnoll bouda
              (1 damage)
             ... on level 4 of the Dungeon.
             The game lasted 00:10:05 (2182 turns).

LobsterGuardian the Magician (DjIE)                 Turns: 2182, Time: 00:10:06

Health: 0/36       AC:  8    Str:  7    XL:     5   Next: 32%
Gold:   161        EV: 12    Int: 18    God:
                   SH:  0    Dex: 14

rFire   + + .      SeeInvis .    j - staff of conjuration
rCold   x . .      Faith    .    (no shield)
rNeg    . . .      Spirit   .    a - +0 robe
rPois   ∞          Reflect  .    (no helmet)
rElec   .          Rampage  .    (no cloak)
rCorr   .                        (no gloves)
Will    .....                    (boots unavailable)
Stlth   ++                       (no amulet)
HPRegen 0.26/turn                (no ring)
MPRegen 0.00/turn                (no ring)

@: mighty, ice-armoured, flying
A: sickness immunity, fire resistance 2, cold vulnerability 1, float, innate
caster, HP casting, extra vitality 1
a: no special abilities


You were on level 4 of the Dungeon.
You visited 1 branch of the dungeon, and saw 4 of its levels.

You collected 161 gold pieces.

Inventory:

Hand Weapons
 b - a +0 dagger
Armour
 a - a +0 robe (worn)
Magical Staves
 j - a staff of conjuration (weapon)
Scrolls
 i - a scroll of identify
Potions
 c - a potion of attraction {unknown}
 d - a potion of berserk rage {unknown}
 e - 2 potions of heal wounds {unknown}
 f - a potion of flight {unknown}
 h - 2 potions of haste {unknown}


   Skills:
 + Level 0.7 Fighting
 + Level 0.3 Staves
 + Level 2.4 Dodging
 - Level 1.5 Stealth
 * Level 4.7 Spellcasting


You knew the following spells:

 Your Spells              Type           Power      Damage    Failure   Level
a - Freeze                Ice            84%        1d9       1%          1
b - Frozen Ramparts       Ice            42%        1d7       6%          3
c - Ozocubu's Armour      Ice            21%        N/A       6%          3
d - Summon Ice Beast      Ice/Summ       21%        N/A       21%         4
e - Sting                 Tmut/Pois      84%        1d7       1%          1
f - Call Imp              Summ           42%        N/A       3%          2
Your spell library was empty.

Dungeon Overview and Level Annotations

Branches:
Dungeon (4/15)
 Temple: D:4-7

Altars:
Gozag
Zin

Shops:
D:3 [


Innate Abilities, Weirdness & Mutations

You are immune to sickness and miasma.
You are immune to poison.
Your flesh is very heat resistant. (rF++)
You are vulnerable to cold. (rC-)
You float through the air rather than walking.
You learn spells naturally, not from books.
Your magical power is your life essence.
You have superior vitality. (+4 MHP)


Message History

Your ice beast freezes the gnoll!
Casting: Freeze (safe; 1% risk of failure)
Confirm with . or Enter, or press ? or * to list all spells.
Aiming: Freeze (safe; 1% risk of failure)
Press: ? - help, Shift-Dir - straight line, f/p - gnoll
Aim: a gnoll, wielding a +0 spear (severely wounded, covering ground quickly)
You freeze the gnoll.
The gnoll is severely wounded.
The gnoll hits you with a +0 spear!
Your ice beast barely misses the gnoll.
The gnoll hits you from afar with a +0 spear.
Okay, then.
You feel very mighty all of a sudden.
Your attacks no longer feel as feeble.
The gnoll bouda hits you with a +0 club.
The gnoll closely misses you.
The gnoll hits you from afar with a +0 spear.
Your ice beast closely misses the gnoll.
The gnoll hits you with a +0 spear.
* * * LOW HITPOINT WARNING * * *
Your ice beast hits the gnoll but does no damage.
There is a stone staircase leading down here.
Casting: Freeze (safe; 1% risk of failure)
Confirm with . or Enter, or press ? or * to list all spells.
A film of ice covers your body!
* * * LOW HITPOINT WARNING * * *
The gnoll bouda closely misses you. The gnoll closely misses you.
The gnoll hits you with a +0 spear.
* * * LOW HITPOINT WARNING * * *
The gnoll misses you.
Casting: Ozocubu's Armour (dangerous; 6% risk of failure)
Confirm with . or Enter, or press ? or * to list all spells.
Aiming: Freeze (safe; 1% risk of failure)
Press: ? - help, Shift-Dir - straight line, f/p - gnoll
Aim: a gnoll, wielding a +0 spear (severely wounded, covering ground quickly)
You freeze the gnoll.
You kill the gnoll!
* * * LOW HITPOINT WARNING * * *
The gnoll bouda hits you with a +0 club.
* * * LOW HITPOINT WARNING * * *
The gnoll hits you with a +0 club.
You die...

##....................
####............##...
###....##...###...
#.#...#... #....
####.#..## .......
#.#.....# ##....#
####.....### ####..#
##.....)....#.... #..#
#.....@ggY.)...... ##.
##..#..g.##.......
#..###...(##.###.> .
... ..........# .
...........##
#............
##.......#...
#......###.#


You could see a gnoll bouda, 2 gnolls and a friendly ice beast (summoned).

Vanquished Creatures
  An iguana (D:4)
  A gnoll (D:4)
  3 adders
  2 worms (D:2)
  An orc (D:3)
  11 bats
  4 endoplasms
  2 giant cockroaches
  4 goblins (D:1)
  6 hobgoblins
  2 jackals (D:1)
  2 kobolds (D:3)
  2 quokkas
  5 ball pythons
  4 frilled lizards
  5 rats
55 creatures vanquished.

Vanquished Creatures (collateral kills)
  A gnoll (D:4)
1 creature vanquished.

Grand Total: 56 creatures vanquished

Notes
Turn   | Place    | Note
-------+----------+-------------------------------------------
     0 | D:1      | LobsterGuardian the Djinni Ice Elementalist began the quest
                  | for the Orb.
     0 | D:1      | LobsterGuardian set off with the following spells
                  | memorised: Freeze, Frozen Ramparts, Ozocubu's Armour,
                  | Summon Ice Beast.
     0 | D:1      | Reached XP level 1. HP: 15/15 MP: 0/0
    86 | D:1      | You are sucked into a shaft and drop 1 floor!
    92 | D:1      | Found a faded altar of an unknown god.
   102 | D:1      | Reached XP level 2. HP: 8/21 MP: 0/0
   343 | D:1      | HP: 1/21 [bat (1)]
   345 | D:1      | Reached XP level 3. HP: 1/25 MP: 0/0
   345 | D:1      | Learned a level 1 spell: Sting
   921 | D:2      | Reached skill level 4 in Spellcasting
  1093 | D:2      | Reached XP level 4. HP: 29/31 MP: 0/0
  1175 | D:3      | Found Tiedgh's Antique Armour Shop.
  1744 | D:3      | Found a glowing silver altar of Zin.
  1745 | D:3      | Found an opulent altar of Gozag.
  2057 | D:4      | Reached XP level 5. HP: 20/36 MP: 0/0
  2057 | D:4      | Learned a level 2 spell: Call Imp
  2182 | D:4      | HP: 1/36 [gnoll bouda/+0 club (4)]
  2182 | D:4      | Slain by a gnoll

Illustrated notes

Levels and vault maps discovered:
D:1:      minmay_arrival_split_and_join, layout_rooms,
          ebering_ecumenical_altar_rust
D:2:      layout_basic
D:3:      minmay_skewed_foursquare, layout_rooms,
          grunt_temple_overflow_gold_and_silver, serial_shops, shop,
          minmay_misc_feat_chi, minmay_misc_feat_four_crosses
D:4:      layout_cave_pools, kennysheep_potato

Skill      XL: |  1  2  3 |
---------------+----------+-----
Spellcasting   | 4 |  4.7
Fighting       | |  0.7
Staves         | |  0.3
Dodging        | |  2.4
Stealth        | |  1.5

Action                     |  1- 3 |  4- 6 || total
---------------------------+-------+-------++-------
  Melee: Dagger            |    22 |       ||    22
         Staff             |     4 |    15 ||    19
   Cast: Freeze            |    46 |    32 ||    78
         Ozocubu's Armour  |     1 |     1 ||     2
         Frozen Ramparts   |     1 |       ||     1
         Summon Ice Beast  |       |     1 ||     1
         Call Imp          |       |     1 ||     1
    Use: Scroll            |     1 |     6 ||     7
         Potion            |       |     1 ||     1
   Stab: Sleeping          |     2 |     2 ||     4
 Armour: Robe              |    16 |     4 ||    20
  Dodge: Dodged            |    57 |    23 ||    80

Table legend: (Time is in decaauts)
 A = Elapsed time spent in this place.
 B = Non-inter-level travel time spent in this place.
 C = Inter-level travel time spent in this place.
 D = Time resting spent in this place.
 E = Time spent auto-exploring this place.
 F = Levels seen in this place.
 G = Mean time per level.
                   A        B        C        D        E       F      G
               +--------+--------+--------+--------+--------+-----+--------+
         Total |   2183 |   2119 |     64 |      0 |   1745 |   4 |  545.8 |
       Dungeon |   2183 |   2119 |     64 |      0 |   1745 |   4 |  545.8 |
               +--------+--------+--------+--------+--------+-----+--------+

Top non-repeatable levels by time:
     D:3: 838 daAuts
     D:1: 650 daAuts
     D:2: 505 daAuts
     D:4: 189 daAuts
